 Dungeon Crawl Stone Soup version 0.30.0-13-g156ef70053 (webtiles) character file.

Game seed: 247255005483735811

110 browni3141 the Firebug (level 4, -8/31 HPs)
             Began as a Demonspawn Fire Elementalist on May 17, 2023.
             Mangled by an orc
             ... wielding a +0 flail
              (9 damage)
             ... on level 3 of the Dungeon.
             The game lasted 00:03:52 (2698 turns).

browni3141 the Firebug (DsFE)                       Turns: 2698, Time: 00:03:52

Health: -8/31      AC:  3    Str:  8    XL:     4   Next: 61%
Magic:  5/7        EV: 12    Int: 19    God:
Gold:   143        SH:  0    Dex: 13    Spells: 7/8 levels left

rFire   . . .        Q - +2 dagger (drain)
rCold   . . .        (no shield)
rNeg    . . .        a - +0 robe
rPois   .            (no helmet)
rElec   .            (no cloak)
rCorr   .            q - +0 pair of gloves
SInv    .            (no boots)
Will    .....        (no amulet)
Stlth   ++           (no ring)
HPRegen 0.25/turn    (no ring)
MPRegen 0.10/turn

%: no passive effects
@: no status effects
A: foul stench 1, powered by death 1
a: no special abilities


You were on level 3 of the Dungeon.
You visited 1 branch of the dungeon, and saw 3 of its levels.

You collected 143 gold pieces.

Inventory:

Hand Weapons
 p - a +0 short sword
 Q - a +2 dagger of draining (weapon)
Missiles
 J - 4 poisoned darts
 T - 3 boomerangs of dispersal
Armour
 a - a +0 robe (worn)
 q - a +0 pair of gloves (worn)
Jewellery
 N - a ring of poison resistance
 U - a +5 ring of evasion
Scrolls
 o - 3 scrolls of immolation {unknown}
 s - 2 scrolls of blinking {unknown}
 O - a scroll of teleportation {unknown}
 R - a scroll of noise {unknown}
 W - a scroll of identify {unknown}
 Z - a scroll of enchant weapon {unknown}
Potions
 m - a potion of magic
 n - a potion of curing {unknown}
 r - 3 potions of degeneration {unknown}
 P - a potion of experience {unknown}
 S - a potion of attraction {unknown}
 V - a potion of mutation {unknown}
 X - a potion of flight {unknown}
 Y - a potion of cancellation {unknown}


   Skills:
 + Level 0.9 Fighting
 + Level 2.4 Dodging
 + Level 2.5 Stealth
 + Level 2.6 Spellcasting
 + Level 2.0 Conjurations
 + Level 3.1 Fire Magic


You had 7 spell levels left.
You knew the following spells:

 Your Spells              Type           Power      Damage    Failure   Level
z - Foxfire               Conj/Fire      48%        2x1d6     5%          1

Your spell library contained the following spells:

 Spells                   Type           Power      Damage    Failure   Level
 Scorch                   Fire           28%        2d6       6%          2
 Inner Flame              Hex/Fire       8%         N/A       24%         3
 Volatile Blastmotes      Fire/Tloc      16%        2d11      24%         3
 Flame Wave               Conj/Fire      12%        2d6       47%         4


Dungeon Overview and Level Annotations

Branches:
Dungeon (3/15)

Altars:

Annotations:
D:3 1 runed translucent door, Crazy Yiuf


Innate Abilities, Weirdness & Mutations

You may rarely emit foul miasma when damaged in melee.
You regenerate a little health from kills.


Message History

There is not enough space to conjure foxfire!
There is not enough space to conjure foxfire!
The foxfire hits the orc but does no damage.
The foxfire hits the orc.
The orc is moderately wounded.
The foxfire hits the orc.
The orc is heavily wounded.
The orc attacks as you move away! The orc closely misses you.
You hit the orc.
The orc is heavily wounded.
The orc barely misses you.
You barely miss the orc.
The orc is heavily wounded.
The orc closely misses you.
You hit the orc.
You kill the orc!
You hit the orc. You drain the orc.
You kill the orc!
The gnoll barely misses you.
Casting: Foxfire (safe; 5% risk of failure)
Press: ? - help, Q - select action, (/) - cycle Dir - look around, f - activate You conjure some foxfire!
The gnoll misses you.
The foxfire hits the gnoll.
The gnoll is lightly wounded.
The foxfire hits the gnoll.
The gnoll is moderately wounded.
Casting: Foxfire (safe; 5% risk of failure)
Press: ? - help, Q - select action, (/) - cycle Dir - look around, f - activate You conjure some foxfire!
The foxfire hits the gnoll.
The gnoll is moderately wounded.
The foxfire hits the gnoll.
The gnoll is severely wounded.
You hit the gnoll. You drain the gnoll.
The gnoll is almost dead.
You hit the gnoll.
You kill the gnoll!
The gnoll hits you from afar with a +0 halberd!
Your Conjurations skill increases to level 2!
The gnoll hits you from afar with a +0 halberd!
Things that are here:
a +0 flail; a scroll labelled DUARIE ICOH; a gnoll corpse
Casting: Foxfire (safe; 5% risk of failure)
Press: ? - help, Q - select action, (/) - cycle Dir - look around, f - activate You conjure some foxfire!
The gnoll closely misses you.
The foxfire hits the gnoll.
The gnoll is heavily wounded.
The foxfire hits the gnoll.
The gnoll is severely wounded.
The gnoll hits you from afar with a +0 halberd!
* * * LOW HITPOINT WARNING * * *
The gnoll throws a stone.
The stone hits you.
* * * LOW HITPOINT WARNING * * *
The gnoll throws a stone.
The stone hits you but does no damage.
The gnoll throws a stone.
The stone hits you.
* * * LOW HITPOINT WARNING * * *
The orc attacks as you move away! The orc hits you with a +0 flail!
* * * LOW HITPOINT WARNING * * *
You open the door. The orc misses you.
There is an open door here.
The orc attacks as you move away! The orc closely misses you.
Casting: Foxfire (safe; 5% risk of failure)
Press: ? - help, Q - select action, (/) - cycle Dir - look around, f - activate You conjure some foxfire!
The orc hits you but does no damage.
The foxfire hits the orc but does no damage. x2
Casting: Foxfire (safe; 5% risk of failure)
Press: ? - help, Q - select action, (/) - cycle Dir - look around, f - activate You conjure some foxfire!
The gnoll misses you. The orc barely misses you.
The foxfire hits the orc but does no damage. x2
There is an open door here.
The orc attacks as you move away! The orc closely misses you.
Casting: Foxfire (safe; 5% risk of failure)
Press: ? - help, Q - select action, (/) - cycle Dir - look around, f - activate You conjure some foxfire!
The orc misses you.
The foxfire hits the orc but does no damage.
The foxfire hits the orc.
The orc is moderately wounded.
Casting: Foxfire (safe; 5% risk of failure)
Press: ? - help, Q - select action, (/) - cycle Dir - look around, f - activate You conjure some foxfire!
The orc misses you.
The foxfire hits the orc but does no damage.
The orc is moderately wounded.
The foxfire hits the orc.
The orc is heavily wounded.
The orc hits you with a +0 flail!
* * * LOW HITPOINT WARNING * * *
The orc attacks as you move away! The orc misses you.
The orc attacks as you move away! The orc closely misses you.
The orc attacks as you move away! The orc hits you but does no damage.
The orc attacks as you move away! The orc misses you.
The orc attacks as you move away! The orc hits you with a +0 flail.
* * * LOW HITPOINT WARNING * * *
The orc attacks as you move away! The orc hits you with a +0 flail!
You die...

# #)# ##.....g#.######
#.##.###..............#
####
#.........#..###.######
#).) ####.####.#..###o#
#... #.# #.#.go.g.# ...
#)####.##g##### #+#
#......##.# ♣)♣
#########o# ♣♣. #@# ♣. #.#
♣♣ #.# ♣♣. ####.#######
♣♣.. #..........#### ♣...
######.#....###....# #...
#...........###########...
#.####.#....##............
#.# #.##.#.##.####..#...#


You could see 2 gnolls and 2 orcs.

Vanquished Creatures
  A hound (D:3)
  A gnoll (D:3)
  An adder (D:2)
  A dart slug (D:1)
  3 orcs
  9 endoplasms
  A giant cockroach (D:1)
  2 goblins (D:1)
  7 hobgoblins
  8 kobolds
  6 ball pythons
  7 bats
  3 frilled lizards
  4 rats
54 creatures vanquished.

Vanquished Creatures (others)
  169 foxfires
169 creatures vanquished.

Grand Total: 223 creatures vanquished

Notes
Turn   | Place    | Note
-------+----------+-------------------------------------------
     0 | D:1      | browni3141 the Demonspawn Fire Elementalist began the quest
                  | for the Orb.
     0 | D:1      | Reached XP level 1. HP: 13/13 MP: 3/3
   138 | D:1      | Found a faded altar of an unknown god.
   192 | D:1      | Gained mutation: You regenerate a little health from kills.
                  | [demonic ancestry]
   192 | D:1      | Reached XP level 2. HP: 16/19 MP: 1/5
  1226 | D:2      | Gained mutation: You may rarely emit foul miasma when
                  | damaged in melee. [demonic ancestry]
  1226 | D:2      | Reached XP level 3. HP: 24/24 MP: 4/6
  1257 | D:2      | Reached skill level 3 in Fire Magic
  2220 | D:3      | Found a runed translucent door.
  2221 | D:3      | Noticed Crazy Yiuf
  2445 | D:3      | Reached XP level 4. HP: 29/31 MP: 0/7
  2688 | D:3      | HP: 1/31 [orc/+0 flail (7)]
  2697 | D:3      | HP: 1/31 [orc/+0 flail (2)]
  2698 | D:3      | Mangled by an orc

Illustrated notes

Levels and vault maps discovered:
D:1:      minmay_arrival_four_houses, layout_loops_corners,
          shapermc_ecumenical_altar_acropolis
D:2:      layout_basic
D:3:      layout_loops_corners, st_stairs_13, uniq_crazy_yiuf_cottage

Skill      XL: |  1  2  3  4 |
---------------+-------------+-----
Stealth        | 2 |  2.5
Dodging        | 2 |  2.4
Fire Magic     | 3 |  3.1
Conjurations   | 2 |  2.0
Fighting       | |  0.9
Spellcasting   | |  2.6

Action                     |  1- 3 |  4- 6 || total
---------------------------+-------+-------++-------
  Melee: Unarmed           |     1 |       ||     1
         Short sword       |    25 |       ||    25
         Punch             |     1 |       ||     1
         Dagger            |     5 |     9 ||    14
   Cast: Foxfire           |    89 |     9 ||    98
   Stab: Sleeping          |     2 |       ||     2
 Armour: Robe              |     6 |     4 ||    10
  Dodge: Dodged            |    25 |    16 ||    41
